Map: Catalyst LE

Players

Future - Winner!

  • Race: Terran Terran
  • Spawn Location: 5:00

McMonroe

  • Race: Zerg Zerg
  • Spawn Location: 11:00

Event: WCS Austin 2018

VOD

Have the link to the VOD?

Description

Time

  • Played on: June 1, 2018, 3:21 p.m.
  • Length: 9:49

All games in this series

Show
View Real Time Build Order
Export as new Build Order

Future Terran - Winner!

Build Orders: Gas First Reaper Expand, Hellion Opening, Reaper Expand, Mech 

Get SALT Encoding   

  12  0:00  SCV  
  13  0:12  SCV  
  14  0:17  Supply Depot  
  14  0:24  SCV  
  15  0:30  Refinery  
  15  0:39  SCV  
  16  0:44  Barracks  
  16  0:51  SCV  
  17  1:03  SCV  
  18  1:15  SCV  
  19  1:32  Orbital Command  
  19  1:33  Reaper  
  20  1:43  Command Center  
  20  1:54  Factory  
  20  1:57  SCV  
  21  2:04  Refinery  
  21  2:07  Barracks Reactor  
  21  2:10  SCV  
  21  2:15  Supply Depot  
  22  2:22  SCV  
  24  2:37  SCV  
  24  2:42  Starport  
  24  2:48  Hellion x2  
  24  2:49  SCV  
  29  2:56  Orbital Command  
  29  3:01  SCV  
  29  3:04  Barracks Tech Lab  
  30  3:10  Hellion  
  32  3:13  Hellion  
  32  3:16  SCV  
  35  3:22  SCV  
  36  3:28  Supply Depot, SCV  
  36  3:32  Viking  
  39  3:34  SCV  
  39  3:40  SCV  
  39  3:41  Hellion  
  43  3:46  Hellion  
  43  3:47  SCV  
  46  3:52  SCV  
  46  3:59  SCV  
  46  4:02  Hellion  
  49  4:04  Supply Depot  
  49  4:06  Supply Depot  
  49  4:07  Hellion  
  51  4:10  Medivac  
  51  4:11  Cloaking Field  
  51  4:14  SCV  
  54  4:26  SCV x2, Hellion  
  54  4:29  Hellion  
  60  4:36  Command Center  
  60  4:38  SCV x2  
  62  4:46  Armory  
  62  4:50  SCV x2  
  64  4:55  Hellion  
  62  5:03  Banshee, Hellion  
  62  5:04  Barracks Tech Lab  
  62  5:05  SCV  
  62  5:07  SCV  
  65  5:12  Refinery  
  65  5:14  Refinery  
  61  5:16  Supply Depot  
  61  5:17  SCV, Hellion  
  61  5:18  Supply Depot  
  61  5:19  SCV  
  65  5:24  Hellion  
  67  5:29  SCV  
  67  5:34  Supply Depot  
  68  5:37  Factory  
  68  5:38  Factory  
  68  5:39  SCV  
  69  5:48  Hellion x2  
  71  5:54  SCV  
  72  6:00  SCV  
  72  6:01  Orbital Command  
  67  6:07  Starport Reactor  
  67  6:09  Terran Vehicle Weapons Level 1  
  67  6:10  Armory, Hellion x2  
  71  6:15  SCV x2  
  73  6:27  SCV x2  
  73  6:32  Thor  
  75  6:36  Hellion x2  
  75  6:37  Orbital Command  
  77  6:42  Siege Tank  
  80  6:50  Refinery, Supply Depot  
  80  6:51  SCV  
  80  6:54  Refinery  
  81  6:55  Supply Depot, SCV  
  81  6:57  Cyclone x2  
  85  7:02  Terran Vehicle And Ship Armor Level 1  
  85  7:04  SCV  
  85  7:08  SCV x2  
  87  7:14  Siege Tank  
  91  7:15  Siege Tank  
  91  7:16  SCV  
  91  7:21  Barracks Tech Lab  
  91  7:22  SCV x2  
  97  7:27  Starport Reactor  
  97  7:28  SCV  
  98  7:30  Factory  
  98  7:31  Factory  
  98  7:34  SCV x2  
  100  7:40  SCV  
  100  7:46  Siege Tank, SCV  
  100  7:47  Siege Tank, Hellion  
  100  7:48  Hellion  
  100  7:49  SCV  
  111  7:53  SCV  
  111  7:55  Engineering Bay  
  112  7:58  Liberator x2  
  112  8:05  SCV  
  113  8:06  Supply Depot  
  113  8:07  Supply Depot  
  113  8:08  Supply Depot  
  113  8:09  Supply Depot  
  113  8:11  Infernal Pre-Igniter  
  113  8:13  SCV  
  113  8:14  SCV  
  113  8:17  SCV  
  120  8:21  Siege Tank  
  123  8:28  Siege Tank  
  123  8:29  Hellion x3  
  123  8:33  SCV x2  
  134  8:41  Missile Turret, Liberator  
  134  8:46  Siege Tank, Cyclone  
  137  8:53  Missile Turret  
  137  8:56  SCV  
  137  8:57  Missile Turret  
  141  9:07  Siege Tank  
  141  9:08  Siege Tank  
  147  9:12  Hellion  
  128  9:31  Supply Depot  
  128  9:32  Supply Depot, SCV x2  
  128  9:33  Supply Depot x2  
  128  9:34  Supply Depot  
  128  9:35  SCV  
Show
View Real Time Build Order
Export as new Build Order

McMonroe Zerg 

Build Orders: 3 Hatch before Pool 

Get SALT Encoding   

  12  0:00  Drone  
  13  0:12  Overlord  
  13  0:17  Drone  
  14  0:30  Drone x2  
  14  0:34  Drone  
  17  0:51  Hatchery  
  17  0:57  Hatchery  
  17  0:59  Drone  
  17  1:03  Drone  
  18  1:13  Extractor  
  17  1:18  Spawning Pool  
  17  1:20  Drone  
  17  1:23  Drone  
  18  1:28  Drone  
  19  1:38  Overlord  
  19  1:49  Drone  
  20  2:05  Queen  
  20  2:06  Zergling x2  
  23  2:08  Queen  
  23  2:09  Zergling x2  
  23  2:10  Drone  
  27  2:25  Hatchery  
  26  2:31  Metabolic Boost  
  26  2:36  Drone x2  
  28  2:45  Drone x3  
  28  2:49  Overlord  
  31  2:57  Queen  
  33  3:01  Drone  
  33  3:03  Drone  
  33  3:05  Drone  
  36  3:15  Drone  
  36  3:18  Overlord, Drone x2  
  39  3:23  Drone x2  
  39  3:25  Drone  
  42  3:27  Queen  
  44  3:36  Queen  
  44  3:37  Drone  
  44  3:38  Zergling x2  
  44  3:39  Zergling x2  
  49  3:47  Zergling x6  
  52  3:54  Queen  
  52  3:55  Overlord  
  54  3:57  Drone  
  54  3:58  Drone x2  
  54  4:00  Drone  
  58  4:04  Overlord  
  58  4:10  Overlord  
  58  4:13  Drone x2  
  58  4:16  Drone x3  
  63  4:22  Overlord, Queen  
  65  4:26  Drone  
  65  4:29  Drone  
  65  4:30  Queen  
  69  4:35  Drone x3  
  72  4:39  Zergling x4  
  72  4:42  Drone x2  
  76  4:51  Zergling x4, Evolution Chamber  
  73  4:54  Evolution Chamber  
  73  4:56  Zergling x2  
  67  5:06  Drone x6  
  67  5:07  Drone  
  72  5:13  Drone x3  
  75  5:20  Lair, Zerg Ground Armor Level 1  
  75  5:23  Extractor x2  
  75  5:24  Drone x2  
  75  5:26  Drone  
  75  5:27  Drone  
  76  5:29  Drone  
  76  5:35  Baneling Nest, Extractor  
  76  5:38  Zergling x4  
  76  5:40  Roach Warren  
  70  5:54  Drone x2  
  68  6:03  Extractor x2, Drone  
  67  6:05  Drone  
  67  6:06  Drone x8  
  67  6:09  Drone  
  77  6:13  Zerg Missile Weapons Level 1  
  77  6:22  Zergling x8  
  73  6:41  Glial Reconstitution  
  73  6:42  Roach x2  
  73  6:44  Overseer  
  73  6:46  Spore Crawler  
  75  6:48  Spore Crawler  
  72  6:59  Spore Crawler  
  72  7:00  Roach x5  
  72  7:01  Roach  
  81  7:03  Overlord  
  81  7:04  Overlord x4  
  81  7:20  Overlord x2  
  81  7:22  Roach x6  
  92  7:32  Roach x4  
  98  7:41  Roach x3  
  98  7:43  Roach  
  98  7:44  Roach  
  105  7:49  Roach  
  105  7:50  Roach  
  109  7:53  Roach  
  111  7:59  Roach x3  
  111  8:03  Roach  
  111  8:04  Roach  
  120  8:09  Roach x2  
  120  8:11  Overseer  
  124  8:15  Roach  
  124  8:16  Overlord  
  126  8:25  Roach  
  128  8:28  Overlord x2  
  128  8:38  Ravager x5  
  133  8:41  Zergling x2, Roach  
  133  8:42  Zergling x4  
  137  8:53  Roach x4  
  141  9:02  Ravager  
  126  9:03  Zergling x14  
Tags
 
Add a new tag
Caveats
  • Supply blocks, unpowered buildings, or Contaminate may cause inaccurate times.
  • Supply counts are checked every 10 seconds.